 Dungeon Crawl Stone Soup version 0.28-a0-803-g74956062c1 (webtiles) character file.

Game seed: 13384504621972927361

25 Decritt the Firebug (level 2, -3/20 HPs)
             Began as a Draconian Fire Elementalist on Nov 7, 2021.
             Slain by a worm (9 damage)
             ... on level 2 of the Dungeon.
             The game lasted 00:02:42 (1307 turns).

Decritt the Firebug (Draconian Fire Elementalist)   Turns: 1307, Time: 00:02:42

Health: -3/20      AC:  4    Str: 10    XL:     2   Next: 82%
Magic:  3/5        EV: 12    Int: 15    God:
Gold:   36         SH:  0    Dex: 11    Spells: 4/5 levels left

rFire   . . .      SeeInvis .   e - +0 scythe
rCold   . . .      Faith    .   (shield currently unavailable)
rNeg    . . .      Spirit   .   (armour unavailable)
rPois   .          Reflect  .   (helmet restricted)
rElec   .          Harm     .   (no cloak)
rCorr   .          Rampage  .   (no gloves)
Will    .....                   (no boots)
Stlth   ++........              (no amulet)
HPRegen 0.06/turn               (no ring)
MPRegen 0.09/turn               (no ring)

@: no status effects
A: AC +4, unfitting armour, cold-blooded
a: no special abilities


You were on level 2 of the Dungeon.
You visited 1 branch of the dungeon, and saw 2 of its levels.

You collected 36 gold pieces.

Inventory:

Hand Weapons
 a - a +0 short sword
 e - a +0 scythe (weapon)
Missiles
 b - 35 stones (quivered)
Scrolls
 d - a scroll of immolation {unknown}
 f - a scroll of teleportation {unknown}
 h - a scroll of noise {unknown}
Potions
 c - a potion of curing {unknown}
 g - a potion of attraction {unknown}


   Skills:
 - Level 1.7 Dodging
 - Level 1.7 Stealth
 + Level 2.4 Spellcasting
 - Level 1.0 Conjurations
 * Level 3.8 Fire Magic


You had 4 spell levels left.
You knew the following spells:

 Your Spells              Type           Power      Damage    Failure   Level
a - Foxfire               Conj/Fire      36%        2x1d5     8%          1

Your spell library contained the following spells:

 Spells                   Type           Power      Damage    Failure   Level
 Scorch                   Fire           26%        2d6       7%          2
 Conjure Flame            Conj/Fire      9%         6-21      24%         3
 Inner Flame              Hex/Fire       7%         N/A       28%         3
 Flame Wave               Conj/Fire      9%         3d4       61%         4


Dungeon Overview and Level Annotations

Branches:
Dungeon (2/15)

Altars:

Shops:
D:1 =


Innate Abilities, Weirdness & Mutations

Your plain brown scales are hard. (AC +4)
You cannot fit into any form of body armour.
You are cold-blooded and may be slowed by cold attacks.


Message History

You see here a +0 club.
Done exploring.
Done exploring.
(D) Dungeon
Where to? (? - help)
There is a stone staircase leading down here.
You climb downwards.
There is a stone staircase leading up here.
A worm comes into view.
A worm is nearby!
You throw a stone.
The stone hits the worm but does no damage.
You throw a stone. The stone hits the worm.
The worm is lightly wounded.
You throw a stone. The stone barely misses the worm.
You throw a stone. The stone barely misses the worm.
You throw a stone.
The stone hits the worm but does no damage.
You throw a stone. The stone barely misses the worm.
The worm bites you!
You hit the worm.
The worm is moderately wounded.
The worm bites you!
* * * LOW HITPOINT WARNING * * *
You are too injured to fight recklessly!
You are too injured to fight recklessly!
Unknown command.
You are too injured to fight recklessly!
Casting: Foxfire (safe; 8% risk of failure)
Confirm with . or Enter, or press ? or * to list all spells.
You conjure some foxfire!
The foxfire hits the worm.
The worm is heavily wounded.
The foxfire hits the worm.
The worm is severely wounded.
The worm closely misses you.
Casting: Foxfire (safe; 8% risk of failure)
Confirm with . or Enter, or press ? or * to list all spells.
You conjure some foxfire!
The worm bites you!
You die...

..........+
........(#
..((....#
.......
..(.. #...#
#.wv# #.@v#
#..ยง#
#...# #...#
#..<# #...#
#...# #...#
#...#


You could see a worm (ally target).

Vanquished Creatures
  A dart slug (D:1)
  2 endoplasms (D:1)
  2 goblins (D:1)
  2 hobgoblins (D:1)
  4 jackals (D:1)
  A quokka (D:1)
  A bat (D:1)
  2 frilled lizards (D:1)
  3 kobolds (D:1)
  2 rats (D:1)
20 creatures vanquished.

Vanquished Creatures (others)
  17 foxfires
17 creatures vanquished.

Grand Total: 37 creatures vanquished

Notes
Turn   | Place    | Note
-------+----------+-------------------------------------------
     0 | D:1      | Decritt the Draconian Fire Elementalist began the quest for
                  | the Orb.
     0 | D:1      | Reached XP level 1. HP: 14/14 MP: 3/3
   140 | D:1      | Reached XP level 2. HP: 20/20 MP: 1/5
   490 | D:1      | Found Tonuihaps's Jewellery Emporium.
   919 | D:1      | Found a faded altar of an unknown god.
  1307 | D:2      | Slain by a worm

Illustrated notes

Levels and vault maps discovered:
D:1:      amcnicky_arrival_double_pillar, layout_loops_ring,
          shapermc_ecumenical_altar_mp_vishouse, serial_shops, shop
D:2:      layout_basic, serial_shops, shop, basic_altar, interstate_on_off,
          serial_bayou_ford_a, kennysheep_cross_bottleneck

Action                   || total
-------------------------++-------
Melee: Short sword       ||    40
       Tailslap          ||     5
       Scythe            ||    12
Throw: Stone             ||    20
 Cast: Foxfire           ||    14
Armor: Skin              ||    14
Dodge: Dodged            ||    41

Table legend: (Time is in decaauts)
 A = Elapsed time spent in this place.
 B = Non-inter-level travel time spent in this place.
 C = Inter-level travel time spent in this place.
 D = Time resting spent in this place.
 E = Time spent auto-exploring this place.
 F = Levels seen in this place.
 G = Mean time per level.
                   A        B        C        D        E       F      G
               +--------+--------+--------+--------+--------+-----+--------+
         Total |   1323 |   1303 |     20 |      0 |   1071 |   2 |  661.5 |
       Dungeon |   1323 |   1303 |     20 |      0 |   1071 |   2 |  661.5 |
               +--------+--------+--------+--------+--------+-----+--------+

Top non-repeatable levels by time:
     D:1: 1308 daAuts
     D:2: 15 daAuts
